 Dungeon Crawl Stone Soup version 0.24.0-37-gcf1ca852f1 (webtiles) character file.

Game seed: 13720683106925621976, levelgen mode: deterministic

56 Iamsoldier the Conjurer (level 3, 0/20 HPs)
             Began as a Deep Elf Conjurer on Nov 28, 2019.
             Slain by a gnoll
             ... wielding a +0 spear
              (7 damage)
             ... on level 2 of the Dungeon.
             The game lasted 00:02:45 (1185 turns).

Iamsoldier the Conjurer (Deep Elf Conjurer)         Turns: 1185, Time: 00:02:46

Health: 0/20       AC:  2    Str:  5    XL:     3   Next: 69%
Magic:  1/10       EV: 13    Int: 20    God:
Gold:   66         SH:  0    Dex: 15    Spells: 5/9 levels left

rFire    . . .     SeeInvis .   (no weapon)
rCold    . . .     Gourm    .   (no shield)
rNeg     . . .     Faith    .   a - +0 robe
rPois    .         Spirit   .   (no helmet)
rElec    .         Reflect  .   (no cloak)
rCorr    .         Harm     .   (no gloves)
MR       .....                  (no boots)
Stlth    ++........             (no amulet)
HPRegen  0.06/turn              (no ring)
MPRegen  0.12/turn              (no ring)

@: no status effects
A: no striking features
a: no special abilities


You were on level 2 of the Dungeon.
You were not hungry.

You visited 1 branch of the dungeon, and saw 2 of its levels.

You collected 66 gold pieces.

Inventory:

Armour
 a - a +0 robe (worn)
Scrolls
 b - a scroll of enchant weapon {unknown}
 e - 2 scrolls of teleportation {unknown}
 j - a scroll of amnesia {unknown}
 k - a scroll of identify {unknown}
 l - a scroll of fear {unknown}
Potions
 d - a potion of mutation {unknown}
 f - 2 potions of might {unknown}
 h - a potion of curing {unknown}
 i - a potion of cancellation {unknown}
Comestibles
 c - 5 rations


   Skills:
 + Level 1.0 Fighting
 + Level 3.1 Dodging
 - Level 2.4 Stealth
 + Level 3.6 Spellcasting
 * Level 5.1 Conjurations


You had 5 spell levels left.
You knew the following spells:

 Your Spells              Type           Power        Failure   Level  Hunger
a - Magic Dart            Conj           ###.         1%          1    None
b - Dazzling Spray        Conj/Hex       ##....       14%         3    ###....

Your spell library contained the following spells:

 Spells                   Type           Power        Failure   Level  Hunger
 Searing Ray              Conj           ###...       2%          2    ##.....
 Iskenderun's Mystic Bla  Conj           ###.....     16%         4    ####...
 Force Lance              Conj/Tloc      ##......     43%         4    ####...
 Fulminant Prism          Conj/Hex       ##........   43%         4    ####...


Dungeon Overview and Level Annotations

Branches:
Dungeon (2/15)

Altars:
Ashenzari
Uskayaw


Message History

The gnoll is severely wounded.
The gnoll closely misses you. The gnoll misses you.
Casting: Magic Dart (safe; 1% risk of failure)
Confirm with . or Enter, or press ? or * to list all spells.
Aiming: Magic Dart (safe; 1% risk of failure)
Press: ? - help, Shift-Dir - straight line, f/p - gnoll
Aim: a gnoll, wielding a +0 club (severely wounded)
The magic dart hits the gnoll.
The gnoll is severely wounded.
The gnoll hits you with a +0 club.
The gnoll hits you from afar with a +0 spear.
Casting: Magic Dart (safe; 1% risk of failure)
Confirm with . or Enter, or press ? or * to list all spells.
Aiming: Magic Dart (safe; 1% risk of failure)
Press: ? - help, Shift-Dir - straight line, f/p - gnoll
Aim: a gnoll, wielding a +0 club (severely wounded)
The magic dart hits the gnoll.
You kill the gnoll!
The gnoll hits you from afar with a +0 spear!
You die...

#...##รท#.##.#.#.#.###
'...'.......#.#.#...
#...##.#.#.g#.#.#.#
.................>#
.......#......#.#.#
#.#############.#.#
#.# .......g..# #.#
#######)###.# #.#
.......)@...#
.######..#..# ....#
...# #...## ### #....
#..## #.. ###


You could see a gnoll.

Vanquished Creatures
  2 gnolls (D:2)
  2 oozes (D:1)
  A dart slug (D:1)
  3 leopard geckos (D:1)
  A ball python (D:1)
  2 bats (D:1)
  4 hobgoblins
  A frilled lizard (D:1)
  2 goblins (D:1)
  3 kobolds (D:1)
  2 rats (D:1)
23 creatures vanquished.

Notes
Turn   | Place    | Note
-------+----------+-------------------------------------------
     0 | D:1      | Iamsoldier the Deep Elf Conjurer began the quest for the
                  | Orb.
     0 | D:1      | Reached XP level 1. HP: 10/10 MP: 6/6
   308 | D:1      | Reached XP level 2. HP: 16/16 MP: 4/8
   309 | D:1      | Found a shattered altar of Ashenzari.
   876 | D:1      | Reached XP level 3. HP: 19/20 MP: 5/9
  1121 | D:2      | Learned a level 3 spell: Dazzling Spray
  1140 | D:2      | Found a hide-covered altar of Uskayaw.
  1182 | D:2      | Reached skill level 1 in Fighting
  1182 | D:2      | Reached skill level 5 in Conjurations
  1185 | D:2      | Slain by a gnoll

Levels and vault maps discovered:
D:1:      dpeg_arrival_simpleton_c, layout_loops_ring,
          nicolae_ashenzari_panopticon
D:2:      layout_basic, eat_drink_and_be_merry_uskayaw, first_ration

Skill      XL: |  1  2  3 |
---------------+----------+-----
Fighting       | 1 |  1.0
Dodging        | 3 |  3.1
Conjurations   | 5 |  5.1
Stealth        | |  2.4
Spellcasting   | |  3.6

Action                   || total
-------------------------++-------
Melee: Unarmed           ||     7
 Cast: Magic Dart        ||    46
       Dazzling Spray    ||     1
  Eat: Chunk             ||     1
Armor: Robe              ||     1
Dodge: Dodged            ||    15
